[Event "Titled Tuesday Blitz December 13 Early 2022"]
[White "Arbunic Castro, Giovanna"]
[Black "Muminova, Nafisa"]
[WhiteFideId "3400549"]
[BlackFideId "14201526"]
[WhiteElo "1934"]
[BlackElo "2258"]
[Result "0-1"]
[Round "05"]
[TimeControl "180+1"]
[Date "2022.12.14"]
[WhiteClock "0:00:03"]
[BlackClock "0:00:03"]

1. e4 e6 2. d4 d5 3. exd5 exd5 4. Nf3 Bd6 5. c4 dxc4 6. Bxc4 Ne7 7. O-O O-O 8. Nc3 Bg4 9. h3 Bh5 10. g4 Bg6 11. Qe2 Nbc6 12. Be3 Nb4 13. Rad1 c6 14. Ne5 Nbd5 15. f4 f6 16. Nxg6 hxg6 17. f5 g5 18. Bf2 Kh7 19. h4 Nf4 20. Qf3 g6 21. fxg6+ Nexg6 22. Bd3 Kg7 23. h5 Ne7 24. h6+ Kf7 25. Ne4 Rh8 26. Nxd6+ Qxd6 27. Bg3 Ned5 28. Bc4 Rxh6 29. Bxf4 gxf4 30. Qxf4 Qxf4 31. Rxf4 Rg8 32. Rdf1 Ke7 33. Bxd5 cxd5 34. Kg2 Rg5 35. Kg3 Rhg6 36. Rc1 Kd6 37. Rcf1 f5 38. Rxf5 Rxg4+ 39. Kf3 Rxd4 40. Ke3 Re4+ 41. Kd3 Rg3+ 42. R1f3 Rxf3+ 43. Rxf3 Ke6 44. Rf8 Kd7 45. Rf7+ Kc6 0-1


[Site "https://www.chess.com"]

[Event "Titled Tuesday Blitz December 13 Early 2022"]
[White "Ardila, Oscar Humberto"]
[Black "Berezin, Viktor"]
[WhiteFideId "4404742"]
[BlackFideId "14107872"]
[WhiteElo "1961"]
[BlackElo "2310"]
[Result "0-1"]
[Round "05"]
[TimeControl "180+1"]
[Date "2022.12.14"]
[WhiteClock "0:00:51"]
[BlackClock "0:00:07"]

1. d4 Nf6 2. c4 g6 3. Nc3 Bg7 4. Nf3 O-O 5. e3 d6 6. Be2 Nc6 7. O-O e5 8. dxe5 dxe5 9. Qc2 Qe8 10. Rd1 e4 11. Nd4 Nxd4 12. exd4 Bf5 13. Be3 h5 14. h3 Rd8 15. Rac1 Qe6 16. d5 Qe5 17. Nb5 a6 18. Nd4 Bc8 19. b4 Nh7 20. Qd2 f5 21. g3 Qe7 22. Bf1 g5 23. Ne2 h4 24. Bd4 hxg3 25. fxg3 f4 26. Bxg7 Qxg7 27. Qd4 Nf6 28. Kh1 Qh6 29. gxf4 gxf4 30. Qg1+ Kh8 31. Qh2 Nh5 32. Rd4 Bf5 33. Rcd1 Rde8 34. c5 e3 35. Bg2 Bg6 36. Bf3 Bc2 37. Rg1 Bh7 38. d6 cxd6 39. Rxd6 Nf6 40. Qxf4 Qxh3+ 41. Qh2 Qxf3+ 42. Qg2 Qxg2+ 43. Rxg2 Be4 44. Kg1 Bxg2 45. Kxg2 Ne4 46. Rd7 Rf2+ 47. Kh3 Rxe2 48. Rd6 Nxd6 0-1


[Site "https://www.chess.com"]

[Event "Titled Tuesday Blitz December 13 Early 2022"]
[White "Ashraf, Artin"]
[Black "Galchenko, Matvey"]
[WhiteFideId "22514805"]
[BlackFideId "24175480"]
[WhiteElo "2243"]
[BlackElo "2404"]
[Result "0-1"]
[Round "05"]
[TimeControl "180+1"]
[Date "2022.12.13"]
[WhiteClock "0:00:02"]
[BlackClock "0:00:23"]

1. b3 d5 2. Nf3 Bf5 3. e3 e6 4. c4 Nf6 5. Bb2 Bd6 6. cxd5 exd5 7. d3 c6 8. Nbd2 h6 9. Be2 O-O 10. O-O Re8 11. a3 Nbd7 12. Qb1 Qe7 13. Qa2 Nc5 14. d4 Nce4 15. Rad1 a5 16. Ne5 Nxd2 17. Rxd2 Ne4 18. Rdd1 Qh4 19. f3 Nf6 20. Rf2 Nd7 21. g3 Qe7 22. Nxd7 Qxd7 23. Bc1 Re7 24. Bd3 Rae8 25. Qc2 Bxd3 26. Qxd3 Qh3 27. a4 Re6 28. Qf1 Qf5 29. Qd3 Qh3 30. Qf1 Qh5 31. Rg2 Rf6 32. Rf2 Rfe6 33. Rd3 Qf5 34. Rc3 Bb4 35. Rcc2 Rxe3 36. Bxe3 Rxe3 37. Rce2 Rxb3 38. Re8+ Kh7 39. Kg2 h5 40. h4 Qg6 41. Re5 f6 42. Ree2 Bd6 43. g4 hxg4 44. Kh1 g3 45. Rg2 Qh5 0-1


[Site "https://www.chess.com"]

[Event "Titled Tuesday Blitz December 13 Early 2022"]
[White "Averjanov, Alexey"]
[Black "Buchenau, Frank"]
[WhiteFideId "14109867"]
[BlackFideId "4604350"]
[WhiteElo "2636"]
[BlackElo "2157"]
[Result "1-0"]
[Round "05"]
[TimeControl "180+1"]
[Date "2022.12.14"]
[WhiteClock "0:00:35"]
[BlackClock "0:00:01"]

1. d4 e6 2. c4 Nf6 3. Nf3 b6 4. g3 Bb7 5. Bg2 Be7 6. O-O O-O 7. b3 c5 8. Bb2 cxd4 9. Nxd4 Bxg2 10. Kxg2 Qc7 11. Nc3 Qb7+ 12. f3 Rd8 13. Rc1 d5 14. cxd5 Nxd5 15. Nxd5 Rxd5 16. Qc2 Bf6 17. Qc8+ Qxc8 18. Rxc8+ Rd8 19. Rxd8+ Bxd8 20. Rc1 Na6 21. Nc6 Kf8 22. b4 Bf6 23. Bxf6 gxf6 24. a3 Rc8 25. Rc2 Nb8 26. Nd4 Rxc2 27. Nxc2 Ke7 28. Kf2 Kd6 29. Ke3 Kd5 30. Kd3 f5 31. Ne3+ Kc6 32. Nc4 Nd7 33. Kd4 f6 34. a4 e5+ 35. Kd3 Kd5 36. e4+ fxe4+ 37. fxe4+ Ke6 38. g4 Nf8 39. Ne3 Ng6 40. Nd5 Ne7 41. Nxe7 Kxe7 42. Kc4 Kd6 43. Kb5 Kc7 44. Ka6 Kb8 45. a5 bxa5 46. bxa5 Ka8 47. Kb5 Kb7 48. a6+ Kc7 49. Kc5 Kd7 50. Kd5 Kc7 51. Ke6 Kb6 52. Kxf6 Kxa6 53. Kxe5 Kb5 54. Kd6 1-0


[Site "https://www.chess.com"]

[Event "Titled Tuesday Blitz December 13 Early 2022"]
[White "Avinash, Ramesh"]
[Black "Xiong, Jeffery"]
[WhiteFideId "45018340"]
[BlackFideId "2047640"]
[WhiteElo "2264"]
[BlackElo "2726"]
[Result "0-1"]
[Round "05"]
[TimeControl "180+1"]
[Date "2022.12.13"]
[WhiteClock "0:00:08"]
[BlackClock "0:00:29"]

1. e4 c6 2. d4 d5 3. exd5 cxd5 4. Bd3 Nf6 5. c3 Bg4 6. Qb3 Qc7 7. Ne2 Bxe2 8. Bxe2 e6 9. Nd2 Bd6 10. Nf3 O-O 11. O-O Nc6 12. Bg5 Ne4 13. Bh4 f5 14. Bd3 h6 15. Bg3 f4 16. Bxe4 dxe4 17. Qxe6+ Rf7 18. Qxe4 fxg3 19. hxg3 Raf8 20. Rae1 Ne7 21. Nh4 Qc4 22. Nf3 Qxa2 23. Qxb7 Rb8 24. Qd7 Nf5 25. Re8+ Kh7 26. Qe6 Qxe6 27. Rxe6 Re7 28. Rxe7 Nxe7 29. Rb1 Nd5 30. Nd2 a5 31. Ra1 Bc7 32. Nc4 Kg6 33. Nxa5 Rxb2 34. Nc4 Rc2 35. Ra6+ Kf5 36. Rc6 Rxc3 37. Nd6+ Bxd6 38. Rxd6 Ke4 39. Rg6 Rc7 40. Rg4+ Kd3 41. Kh2 Nf6 42. Rf4 Rd7 43. Rf3+ Kxd4 44. Rf4+ Ke5 45. Ra4 Rd4 46. Ra5+ Rd5 47. Ra4 h5 48. f3 Rd2 49. Ra5+ Nd5 50. Ra7 Kf6 51. Ra6+ Kf5 52. Ra7 g6 53. Ra5 Kf6 54. Ra6+ Kg5 55. Ra5 Kh6 56. Ra3 Re2 57. Kh3 Ne3 58. f4 Re1 59. g4 Nxg4 60. Ra8 Ne3 61. Kg3 Nf5+ 62. Kh3 Re3+ 63. Kh2 h4 64. Rh8+ Kg7 65. Ra8 Re4 66. Kh3 Rxf4 67. Ra7+ Kh6 68. Ra8 Kg5 69. g4 Rxg4 70. Ra5 Rg3+ 71. Kh2 Rb3 72. Ra4 Kh5 73. Kg2 g5 74. Kh2 Rb2+ 75. Kg1 h3 76. Ra3 Rg2+ 77. Kh1 Ng3+ 78. Rxg3 Rxg3 79. Kh2 Kg4 80. Kh1 Kf3 81. Kh2 Kf2 82. Kh1 h2 83. Kxh2 g4 0-1


[Site "https://www.chess.com"]

[Event "Titled Tuesday Blitz December 13 Early 2022"]
[White "Baches Garcia, Guillermo"]
[Black "Bashirli, Saadat"]
[WhiteFideId "2209764"]
[BlackFideId "13429990"]
[WhiteElo "2460"]
[BlackElo "1408"]
[Result "1-0"]
[Round "05"]
[TimeControl "180+1"]
[Date "2022.12.14"]
[WhiteClock "0:00:26"]
[BlackClock "0:00:22"]

1. e4 c5 2. Nf3 g6 3. d4 cxd4 4. Qxd4 Nf6 5. c4 Nc6 6. Qe3 d6 7. h3 Bg7 8. Be2 O-O 9. O-O Be6 10. Nc3 a6 11. Rd1 Na5 12. e5 Ne8 13. exd6 exd6 14. c5 Qe7 15. cxd6 Nxd6 16. Qc5 Nc8 17. Qxa5 b6 18. Qg5 Bf6 19. Qf4 Na7 20. Be3 b5 21. Rac1 Rfc8 22. Bxa7 Rxa7 23. Nd5 Bxd5 24. Rxc8+ Kg7 25. Rxd5 Qxe2 26. Rg8+ Kxg8 27. Qxf6 Ra8 28. Rd8+ Rxd8 29. Qxd8+ Kg7 30. Qd4+ Kf8 31. Qd2 Qe4 32. b3 Qb1+ 33. Kh2 Qe4 34. Qe3 Qd5 35. a4 Qd6+ 36. Qe5 Qc6 37. axb5 axb5 38. b4 Qc4 39. Qc5+ Qxc5 40. bxc5 Ke7 41. Nd4 Kd7 42. Kg3 b4 43. Kf3 Kc7 44. Ke4 b3 45. Nxb3 Kc6 46. Kd4 f5 47. Kc4 g5 48. g4 h5 49. f3 Kc7 50. Nd4 hxg4 51. hxg4 f4 52. Ne6+ Kc6 53. Nxg5 Kd7 54. Nh3 Ke7 55. Nxf4 Kf6 56. Ne2 Kg5 57. Kd5 Kh4 58. c6 Kh3 59. g5 Kg2 60. f4 Kf2 61. f5 Kxe2 62. f6 Kd3 63. c7 Ke3 64. f7 Kf4 65. g6 Ke3 66. g7 Kd3 67. c8=Q Kd2 68. f8=Q Ke2 69. g8=Q Ke3 70. Qg3+ Kd2 71. Qff2+ Kd1 72. Qcc2# 1-0


[Site "https://www.chess.com"]

[Event "Titled Tuesday Blitz December 13 Early 2022"]
[White "Bacrot, Etienne"]
[Black "Budrewicz, Krzysztof"]
[WhiteFideId "605506"]
[BlackFideId "1127950"]
[WhiteElo "2830"]
[BlackElo "2618"]
[Result "0-1"]
[Round "05"]
[TimeControl "180+1"]
[Date "2022.12.14"]
[WhiteClock "0:00:07"]
[BlackClock "0:01:24"]

1. e4 g6 2. h4 d5 3. exd5 Nf6 4. Nc3 Bg7 5. Bc4 O-O 6. Nf3 a6 7. a4 Nbd7 8. a5 Nc5 9. d4 Nce4 10. Nxe4 Nxe4 11. Qe2 Nd6 12. Bb3 Bg4 13. Bf4 Bxd4 14. O-O-O Bg7 15. h5 gxh5 16. c3 Qd7 17. Bc2 Qb5 18. Qxb5 axb5 19. Rhe1 Rfe8 20. Be5 Rxa5 21. Bxg7 Kxg7 22. b3 Ra1+ 23. Kb2 Rxd1 24. Bxd1 Kf6 25. g3 Nf5 26. Nd2 Bxd1 27. Rxd1 Rd8 28. Ne4+ Kg6 29. c4 bxc4 30. bxc4 b6 31. Kc3 Nd6 32. Nd2 Ra8 33. Re1 Kf6 34. Rh1 Kg6 35. Re1 Nf5 36. Kb2 Ra5 37. Nf3 f6 38. Kb3 Kf7 39. Re6 Ra1 40. Rc6 Rf1 41. Rxc7 Rxf2 42. Ne1 Re2 43. Nd3 Re3 44. Kc2 Rxg3 45. Rb7 h4 46. Rxb6 h3 47. Rb1 h2 48. Rh1 Rg2+ 49. Kc3 Ng3 50. d6 exd6 0-1


[Site "https://www.chess.com"]

[Event "Titled Tuesday Blitz December 13 Early 2022"]
[White "Badelka, Olga"]
[Black "Kalashian, David"]
[WhiteFideId "13509926"]
[BlackFideId "13302418"]
[WhiteElo "2337"]
[BlackElo "2490"]
[Result "0-1"]
[Round "05"]
[TimeControl "180+1"]
[Date "2022.12.14"]
[WhiteClock "0:00:02"]
[BlackClock "0:00:36"]

1. c4 Nf6 2. Nc3 e6 3. d4 Bb4 4. e3 c5 5. Ne2 cxd4 6. exd4 O-O 7. a3 Be7 8. Nf4 d5 9. cxd5 Nxd5 10. Ncxd5 exd5 11. Bd3 Nc6 12. O-O Bg5 13. Re1 Bxf4 14. Bxf4 Qf6 15. Be5 Qh6 16. Qf3 Be6 17. b4 Rac8 18. Qg3 Nxe5 19. dxe5 d4 20. Qf3 Rc3 21. Qe4 Rd8 22. f4 Qg6 23. f5 Bxf5 24. Qxf5 Rxd3 25. Qxg6 hxg6 26. e6 fxe6 27. Rxe6 Re3 28. Rxg6 d3 29. Rg3 Re6 30. Rd1 d2 31. Kf2 Rf8+ 32. Rf3 Rd8 33. Re3 Rg6 34. g3 Rgd6 35. Ke2 R8d7 36. h4 Kh7 37. Re5 Rd4 38. Re3 Kh6 39. Re5 a6 40. Re3 Kh5 41. Re5+ Kg4 42. Re3 b5 43. Kf2 Rd3 44. Ke2 Rxe3+ 45. Kxe3 Kxg3 46. h5 Kg4 47. Ke2 Kxh5 48. Rh1+ Kg4 49. Kd1 g5 50. Rh6 Kf3 51. Rxa6 g4 52. Rf6+ Kg2 53. Rf5 g3 54. Rxb5 Kf3 55. Rg5 g2 56. b5 Rd4 57. b6 Rg4 58. Rf5+ Ke4 59. b7 g1=Q+ 60. Kxd2 0-1


[Site "https://www.chess.com"]

[Event "Titled Tuesday Blitz December 13 Early 2022"]
[White "Bethke, Richard"]
[Black "Hoang, Canh Huan"]
[WhiteFideId "12959243"]
[BlackFideId "12400599"]
[WhiteElo "2369"]
[BlackElo "2283"]
[Result "1-0"]
[Round "05"]
[TimeControl "180+1"]
[Date "2022.12.14"]
[WhiteClock "0:00:04"]
[BlackClock "0:00:05"]

1. e4 c5 2. Nf3 d6 3. d4 cxd4 4. Nxd4 Nf6 5. Nc3 g6 6. Be3 Bg7 7. f3 O-O 8. Qd2 Nc6 9. O-O-O Nxd4 10. Bxd4 Be6 11. h4 Qa5 12. Kb1 Rfc8 13. Bxf6 Bxf6 14. Nd5 Qxd2 15. Nxf6+ exf6 16. Rxd2 Rc6 17. Be2 Kf8 18. h5 Ke7 19. b3 Rac8 20. c4 a5 21. a4 Rb6 22. Ka2 Rc5 23. hxg6 hxg6 24. g4 g5 25. Rh8 Rb4 26. Ra8 Bd7 27. Ka3 Bc6 28. Rd1 Rb6 29. Rh1 Bd7 30. Rhh8 Ra6 31. Rxa6 bxa6 32. Ra8 Bc8 33. Ra7+ Kf8 34. Kb2 Ke8 35. Kc3 Kf8 36. Kd4 Ke8 37. Ke3 Kf8 38. f4 gxf4+ 39. Kxf4 Ke8 40. Ke3 Kf8 41. Kd4 Ke8 42. Ra8 Ke7 43. Ra7+ Ke8 44. Bf3 Kf8 45. g5 fxg5 46. Bh5 f5 47. Rf7+ Kg8 48. Rf6 fxe4 49. Rxd6 Rc7 50. Rg6+ Kh7 51. Rxg5 Kh6 52. Rxa5 Re7 53. Be2 Bb7 54. Re5 Rd7+ 55. Kc3 Rg7 56. b4 Rg2 57. Kd2 Kg6 58. b5 Kf6 59. Rh5 axb5 60. axb5 Rg3 61. c5 Rb3 62. c6 Bc8 63. Bc4 Rb4 64. Kc3 Rb1 65. Rh8 Bg4 66. c7 e3 67. c8=Q Bxc8 68. Rxc8 Ke7 69. Rc7+ Kd6 70. Rc6+ Kd7 71. Rh6 Rc1+ 72. Kb4 Rb1+ 73. Kc5 Rc1 74. Rh7+ Ke8 75. Rh4 Kd8 76. Re4 Kc7 77. Rxe3 Rg1 78. Re7+ Kd8 79. Kd6 Rg5 80. Rh7 Rg6+ 81. Be6 Ke8 82. Rh8+ Rg8 83. Rxg8# 1-0


[Site "https://www.chess.com"]

[Event "Titled Tuesday Blitz December 13 Early 2022"]
[White "Bilan, Danila"]
[Black "Koellner, Ruben Gideon"]
[WhiteFideId "24161918"]
[BlackFideId "12993093"]
[WhiteElo "2182"]
[BlackElo "2303"]
[Result "0-1"]
[Round "05"]
[TimeControl "180+1"]
[Date "2022.12.14"]
[WhiteClock "0:00:03"]
[BlackClock "0:00:02"]

1. d4 d6 2. Nf3 Nf6 3. Bg5 Nbd7 4. Nbd2 e5 5. e4 Be7 6. c3 c6 7. Bc4 h6 8. Bh4 b5 9. Bb3 a5 10. a4 b4 11. O-O Ba6 12. Re1 O-O 13. dxe5 dxe5 14. Nc4 Ne8 15. Bg3 Bxc4 16. Bxc4 Qc7 17. Nh4 Nd6 18. Bb3 Rfd8 19. Ng6 Bf6 20. Qc2 Rab8 21. Rad1 bxc3 22. bxc3 Nc5 23. Ba2 Ndb7 24. Nh4 Rxd1 25. Rxd1 Rd8 26. Rxd8+ Qxd8 27. Nf3 Qd6 28. h4 Nd7 29. Bxf7+ Kxf7 30. Qb3+ Kg6 31. Qxb7 Nc5 32. h5+ Kh7 33. Qf7 Nxa4 34. Qg6+ Kg8 35. Qe8+ Kh7 36. Qg6+ Kg8 37. Qe8+ Qf8 38. Qxc6 Nb2 39. Bxe5 Bxe5 40. Nxe5 a4 41. Qe6+ Kh7 42. Qg6+ Kg8 43. Qe6+ Kh7 44. Ng6 Qd8 45. Qf5 Kg8 46. Qe6+ Kh7 47. Qf7 Qd1+ 48. Kh2 Qxh5+ 49. Kg1 Qxg6 50. Qa2 Qb6 51. e5 Qb3 52. Qb1+ Kg8 53. Qf5 a3 54. e6 Qb7 55. Qa5 Nc4 56. Qa4 Qc7 57. e7 Qxe7 58. Qxc4+ Kh7 59. Qa4 Qe1+ 60. Kh2 Qxc3 61. Qxa3 Qxa3 0-1


[Site "https://www.chess.com"]

[Event "Titled Tuesday Blitz December 13 Early 2022"]
[White "Bochnicka, Vladimir"]
[Black "Demin, Vladimir"]
[WhiteFideId "14943450"]
[BlackFideId "4167457"]
[WhiteElo "2239"]
[BlackElo "2589"]
[Result "0-1"]
[Round "05"]
[TimeControl "180+1"]
[Date "2022.12.14"]
[WhiteClock "0:00:01"]
[BlackClock "0:01:04"]

1. e4 e5 2. Nf3 Nc6 3. Bc4 Nf6 4. d3 h6 5. c3 d6 6. Nbd2 g6 7. Nf1 Bg7 8. Ng3 O-O 9. O-O Be6 10. Bb3 d5 11. Qe2 Re8 12. h3 Qd7 13. Rd1 Rad8 14. Bc2 a5 15. Be3 b6 16. Ba4 Nh7 17. Bxh6 Bxh6 18. Nxe5 Nxe5 19. Bxd7 Nxd7 20. e5 Bg7 21. d4 c5 22. Qb5 cxd4 23. cxd4 f6 24. exf6 Bxf6 25. Rac1 Rc8 26. Re1 Kf7 27. Ne2 Ng5 28. Nf4 Ne4 29. Rxc8 Rxc8 30. Nxe6 Kxe6 31. f3 Bxd4+ 32. Kh1 Rc5 33. Qd3 Bxb2 34. fxe4 d4 35. Qg3 Ne5 36. Qb3+ Nc4 37. Rf1 b5 38. Qf3 Kd7 39. Qf7+ Kc6 40. Rf6+ Nd6 41. e5 Rxe5 42. Qxg6 Rd5 43. Qc2+ Bc3 44. h4 Kc5 45. g4 Nc4 46. Rf8 Ne3 47. Qd3 Nc4 48. Rf5 b4 49. Rxd5+ Kxd5 50. Qf5+ Ne5 51. g5 d3 0-1


[Site "https://www.chess.com"]

[Event "Titled Tuesday Blitz December 13 Early 2022"]
[White "Bruned, Boris"]
[Black "Martin Duque, Jesus"]
[WhiteFideId "621790"]
[BlackFideId "2208954"]
[WhiteElo "2049"]
[BlackElo "2297"]
[Result "1-0"]
[Round "05"]
[TimeControl "180+1"]
[Date "2022.12.14"]
[WhiteClock "0:00:04"]
[BlackClock "0:00:21"]

1. b3 a5 2. Bb2 a4 3. a3 axb3 4. cxb3 Nf6 5. g3 b6 6. Bg2 d5 7. e3 Bb7 8. Ne2 g6 9. O-O Bg7 10. d4 h5 11. h4 Nbd7 12. Nf4 Ne4 13. Nd2 Ndf6 14. Nxe4 Nxe4 15. Rc1 e6 16. Qc2 Rc8 17. a4 g5 18. hxg5 Qxg5 19. Nh3 Qf5 20. Qe2 Bh6 21. Rfd1 Rg8 22. Qf3 Qxf3 23. Bxf3 h4 24. g4 f5 25. Bxe4 dxe4 26. g5 Bxg5 27. Nxg5 Rxg5+ 28. Kh2 Kf7 29. Ba3 Ba6 30. Rg1 Rxg1 31. Rxg1 Bd3 32. Rc1 c6 33. Bd6 b5 34. a5 Ra8 35. b4 Bc4 36. Rg1 c5 37. Bxc5 Bd5 38. Rg5 Kf6 39. Rh5 e5 40. Rxh4 exd4 41. Bxd4+ Kg5 42. Rh3 f4 43. exf4+ Kxf4 44. Be3+ Kf5 45. Rh5+ Ke6 46. Kg3 Bc4 47. Kf4 Rf8+ 48. Kxe4 Re8 49. Rh6+ Kd7+ 50. Kd4 Rg8 51. Kc5 Kc7 52. Rh7+ Kb8 53. Kb6 Rg6+ 54. Kc5 Rf6 55. Bd4 Rg6 56. f4 Ka8 57. Be5 Bd3 58. Rf7 Be4 59. f5 Rc6+ 60. Kxb5 Rc8 61. f6 Bc6+ 62. Ka6 Bb7+ 63. Kb5 Bc6+ 64. Kb6 Bb7 65. Re7 Rc6+ 66. Kb5 Rc8 67. f7 Bc6+ 68. Kb6 Bb7 69. Re8 Ba6 70. Rxc8+ Bxc8 71. Kc5 Kb7 72. f8=Q Bd7 73. Qe7 Ka6 74. Qd6+ Ka7 75. Qc7+ Ka8 76. Qb8# 1-0


[Site "https://www.chess.com"]

[Event "Titled Tuesday Blitz December 13 Early 2022"]
[White "Chernobay, Artem"]
[Black "Daneshvar, Bardiya"]
[WhiteFideId "4167406"]
[BlackFideId "12576468"]
[WhiteElo "2474"]
[BlackElo "2429"]
[Result "0-1"]
[Round "05"]
[TimeControl "180+1"]
[Date "2022.12.13"]
[WhiteClock "0:00:04"]
[BlackClock "0:00:36"]

1. e4 c6 2. d4 d5 3. Nd2 dxe4 4. Nxe4 Bf5 5. Ng3 Bg6 6. h4 h6 7. Nf3 Nd7 8. h5 Bh7 9. Bd3 Bxd3 10. Qxd3 e6 11. Bd2 Ngf6 12. O-O-O Be7 13. Ne4 O-O 14. g4 Nxg4 15. Rhg1 f5 16. Qb3 Rf7 17. Ng3 Nf8 18. Ne5 Nxe5 19. dxe5 Qb6 20. Qf3 Rd8 21. Kb1 Rd5 22. Bxh6 Rxd1+ 23. Qxd1 Qxf2 24. Bc1 Bh4 25. Ne2 Qf3 26. h6 g6 27. Rh1 Be7 28. Qe1 c5 29. Nc3 a6 30. Ne2 g5 31. Bxg5 Bxg5 32. Rg1 Nh7 33. Qd2 Qf1+ 34. Nc1 Qxg1 0-1


[Site "https://www.chess.com"]

[Event "Titled Tuesday Blitz December 13 Early 2022"]
[White "Chernomordik, Pavel"]
[Black "Buksa, Nataliya"]
[WhiteFideId "2804530"]
[BlackFideId "14123622"]
[WhiteElo "2193"]
[BlackElo "2303"]
[Result "1-0"]
[Round "05"]
[TimeControl "180+1"]
[Date "2022.12.14"]
[WhiteClock "0:00:26"]
[BlackClock "0:01:33"]

1. e4 c5 2. Nc3 Nc6 3. Bb5 Nd4 4. Bc4 e6 5. Nge2 a6 6. Nxd4 cxd4 7. Ne2 Qg5 8. O-O b5 9. d3 Qc5 10. Bb3 Nf6 11. a4 Bb7 12. axb5 axb5 13. Bd2 Be7 14. Kh1 O-O 15. h3 Rxa1 16. Qxa1 Ra8 17. Qe1 Qb6 18. f4 d6 19. Bb4 Re8 20. Qf2 e5 21. Ng3 d5 22. Bxe7 Rxe7 23. Nf5 Re8 24. fxe5 Nh5 25. Nd6 Rf8 26. Nxf7 Ra8 27. exd5 Qg6 28. Kh2 Ng3 29. Qxg3 1-0


[Site "https://www.chess.com"]

[Event "Titled Tuesday Blitz December 13 Early 2022"]
[White "Ciuffoletti, Paolo"]
[Black "Mkrtchian, Lilit"]
[WhiteFideId "807630"]
[BlackFideId "13300601"]
[WhiteElo "2143"]
[BlackElo "2316"]
[Result "0-1"]
[Round "05"]
[TimeControl "180+1"]
[Date "2022.12.14"]
[WhiteClock "0:00:16"]
[BlackClock "0:01:07"]

1. e4 e6 2. d4 d5 3. e5 c5 4. c3 Nc6 5. Nf3 Bd7 6. Be2 Nge7 7. O-O cxd4 8. cxd4 Nf5 9. Nc3 a6 10. Be3 Be7 11. Bd3 Nxe3 12. fxe3 O-O 13. a3 f6 14. e4 fxe5 15. dxe5 d4 16. Ne2 Qb6 17. b4 Rad8 18. Qb3 Bc8 19. Rad1 Qc7 20. Bc4 Nxe5 21. Bxe6+ Kh8 22. Nexd4 Nxf3+ 23. Nxf3 Qb6+ 24. Nd4 0-1


[Site "https://www.chess.com"]

[Event "Titled Tuesday Blitz December 13 Early 2022"]
[White "Clawitter, Craig"]
[Black "Dias, Joao Batista"]
[WhiteFideId "2023105"]
[BlackFideId "2108240"]
[WhiteElo "2198"]
[BlackElo "1898"]
[Result "0-1"]
[Round "05"]
[TimeControl "180+1"]
[Date "2022.12.14"]
[WhiteClock "0:00:03"]
[BlackClock "0:02:01"]

1. e4 c5 2. Nf3 d6 3. d4 cxd4 4. Nxd4 Nc6 5. Nc3 Nf6 6. Bc4 e6 7. Be3 Be7 8. Qe2 O-O 9. O-O-O a6 10. Bb3 Nxd4 11. Rxd4 b5 12. g4 Nd7 13. f4 Bb7 14. Rf1 Rc8 15. g5 Nc5 16. e5 Nxb3+ 17. axb3 d5 18. f5 exf5 19. Rxf5 Qd7 20. Rf6 Kh8 21. Rh4 gxf6 22. gxf6 Bxf6 23. exf6 Qf5 24. Bd4 Qg5+ 25. Qe3 Qxh4 26. Qg1 Rg8 0-1


[Site "https://www.chess.com"]

[Event "Titled Tuesday Blitz December 13 Early 2022"]
[White "Crevatin, Leo"]
[Black "Zaichenko, Daria"]
[WhiteFideId "1726307"]
[BlackFideId "4197453"]
[WhiteElo "2190"]
[BlackElo "2039"]
[Result "1-0"]
[Round "05"]
[TimeControl "180+1"]
[Date "2022.12.14"]
[WhiteClock "0:00:32"]
[BlackClock "0:00:35"]

1. d4 d5 2. Bf4 Nf6 3. e3 Bf5 4. Bd3 Bxd3 5. cxd3 c6 6. Nf3 e6 7. O-O Be7 8. Qb3 b6 9. h3 O-O 10. Nc3 Nbd7 11. Rac1 Nh5 12. Bh2 f5 13. Ne2 c5 14. dxc5 Nxc5 15. Qd1 Bf6 16. Ne5 Qe8 17. Nd4 Bxe5 18. Bxe5 Nd7 19. Bd6 Rf6 20. Nb5 Qg6 21. Rc7 Nc5 22. Be5 Rf7 23. b4 Nd7 24. Bh2 e5 25. Qc2 f4 26. exf4 exf4 27. Qc6 Qxc6 28. Rxc6 Ne5 29. Rd6 Nxd3 30. Rxd5 Nxb4 31. Rxh5 Nxa2 32. Nd6 Rf6 33. Ne4 Re6 34. f3 Rf8 35. Ra1 Nb4 36. Rxa7 h6 37. Rb5 Nc2 38. Rd5 Ne3 39. Rdd7 Rg6 40. Rd2 Rc8 41. Ra1 b5 42. Bxf4 Nc4 43. Rc2 b4 44. Rb1 Rb6 45. Rb3 g5 46. Bg3 1-0


[Site "https://www.chess.com"]

[Event "Titled Tuesday Blitz December 13 Early 2022"]
[White "Cruz, William Ferreira Da"]
[Black "Tatarinov, Dmitry"]
[WhiteFideId "2118050"]
[BlackFideId "24160067"]
[WhiteElo "2223"]
[BlackElo "2326"]
[Result "1-0"]
[Round "05"]
[TimeControl "180+1"]
[Date "2022.12.14"]
[WhiteClock "0:01:02"]
[BlackClock "0:02:15"]

1. d4 Nf6 2. c4 e6 3. Nc3 d5 4. Bg5 Be7 5. cxd5 exd5 6. e3 O-O 7. Bd3 c6 8. Qc2 Nbd7 9. Nge2 Re8 10. O-O Ne4 11. Bxe7 Qxe7 12. Rae1 Ndf6 13. f3 Nxc3 14. Nxc3 c5 15. Qf2 Be6 16. e4 cxd4 17. exd5 dxc3 18. dxe6 fxe6 19. bxc3 e5 20. Re3 Qc5 21. Rfe1 Rad8 22. Bc2 g6 23. Bb3+ Kg7 24. h3 Rd3 25. Rxd3 1-0


[Site "https://www.chess.com"]

[Event "Titled Tuesday Blitz December 13 Early 2022"]
[White "Csonka, Balazs"]
[Black "Remizov, Yaroslav"]
[WhiteFideId "742910"]
[BlackFideId "34134015"]
[WhiteElo "2404"]
[BlackElo "2415"]
[Result "1-0"]
[Round "05"]
[TimeControl "180+1"]
[Date "2022.12.13"]
[WhiteClock "0:00:04"]
[BlackClock "0:00:01"]

1. d4 Nf6 2. c4 e6 3. Nf3 c5 4. d5 b5 5. e4 Nxe4 6. Bd3 Nd6 7. cxb5 c4 8. Bc2 exd5 9. Nc3 Bb7 10. O-O Be7 11. Nxd5 O-O 12. Re1 Bf6 13. Bf4 Nxb5 14. a4 Bxb2 15. Rb1 Nc3 16. Nxc3 Bxc3 17. Re3 Bxf3 18. Qxf3 Nc6 19. Rxc3 Qf6 20. Bd2 Qxf3 21. gxf3 d5 22. Bf4 Nd4 23. Kf1 Rfe8 24. Bg3 Rad8 25. Rd1 Nc6 26. Bb1 Na5 27. Rcc1 Nb3 28. Rc2 Nc5 29. Ba2 Nxa4 30. Ra1 Nb6 31. Bf4 h6 32. Bc7 Rd7 33. Bxb6 axb6 34. Rd1 b5 35. Rb2 Rb8 36. Rb4 g6 37. Bxc4 Rd6 38. Rxb5 Rxb5 39. Bxb5 Kg7 40. Ba4 d4 41. Bb3 Kf6 42. Ke2 Ke5 43. Rd3 f6 44. Bc2 Kf4 45. Kd2 f5 46. Ra3 Rb6 47. Ke2 Rb2 48. Kd2 Rb6 49. Rd3 Rb4 50. Bd1 Rb2+ 51. Ke1 Rb4 52. Be2 h5 53. Kf1 g5 54. Kg2 g4 55. fxg4 hxg4 56. h3 gxh3+ 57. Rxh3 Ke4 58. Bd3+ Kf4 59. Rf3+ Ke5 60. Bxf5 Rc4 61. Bd3 Rc3 62. Rg3 Kf4 63. Rf3+ Ke5 64. Kf1 Rc1+ 65. Ke2 Ra1 66. Rf5+ Ke6 67. Rh5 Kd6 68. Kf3 Re1 69. Rh4 Kc5 70. Re4 Rh1 71. Re5+ Kb4 72. Rd5 Kc3 73. Bf5 Rh5 74. Kg4 Rh8 75. f4 Rg8+ 76. Kh5 Rg1 77. Bg6 Kc4 78. Rd8 Rh1+ 79. Kg5 Rg1+ 80. Kf6 Rf1 81. Ke5 Re1+ 82. Be4 Kc5 83. Rxd4 Ra1 84. Rd5+ Kb6 85. f5 Kc7 86. f6 Rf1 87. Rc5+ Kd7 88. Rc2 Ke8 89. Ke6 Kd8 90. Rd2+ Kc7 91. f7 Rf4 92. Rd4 Kb6 93. Ke7 Kc5 94. Rd5+ Kc4 95. Re5 Kd4 96. Re6 Ke3 97. Bc6+ Kd4 98. Be8 Kc5 99. Rf6 Re4+ 100. Re6 Rf4 101. f8=Q Kd5 102. Rd6+ Ke5 103. Qxf4+ Kxf4 104. Kf6 1-0


[Site "https://www.chess.com"]

[Event "Titled Tuesday Blitz December 13 Early 2022"]
[White "Czopor, Maciej"]
[Black "Avazkhonov, Alikhon"]
[WhiteFideId "21805431"]
[BlackFideId "14208504"]
[WhiteElo "2324"]
[BlackElo "1739"]
[Result "1-0"]
[Round "05"]
[TimeControl "180+1"]
[Date "2022.12.14"]
[WhiteClock "0:01:04"]
[BlackClock "0:00:15"]

1. c4 e5 2. Nc3 d6 3. e3 f5 4. d4 Nf6 5. b4 Be7 6. Bb2 O-O 7. Nf3 e4 8. Nd2 c5 9. bxc5 dxc5 10. Nb3 cxd4 11. exd4 Nc6 12. Be2 a5 13. a4 f4 14. f3 Bb4 15. O-O Bf5 16. Nb5 exf3 17. Bxf3 Re8 18. Kh1 Re3 19. Nc5 Bxc5 20. dxc5 Ne4 21. Nd6 Nxd6 22. Qxd6 Bd3 23. Bd5+ Kh8 24. Rxf4 Qe8 25. Bxg7+ 1-0


[Site "https://www.chess.com"]